 Dungeon Crawl Stone Soup version 0.27-a0-789-g6bb3289e1e (webtiles) character file.

Game seed: 7252448573780926654

966 rageheart7 the Carver (level 7, -4/68 HPs)
             Began as a Minotaur Gladiator on Mar 26, 2021.
             Was a Believer of Trog.
             Slain by a gnoll
             ... wielding a +0 halberd
              (12 damage)
             ... on level 6 of the Dungeon.
             The game lasted 00:04:37 (4910 turns).

rageheart7 the Carver (Minotaur Gladiator)          Turns: 4910, Time: 00:04:37

Health: -4/68      AC: 10    Str: 20    XL:     7   Next: 93%
Magic:  6/6        EV:  7    Int:  5    God:    Trog [**....]
Gold:   227        SH:  5    Dex: 18    Spells: 6/6 levels left

rFire    . . .     SeeInvis +   r - +2 short sword (speed)
rCold    . . .     Faith    .   (no shield)
rNeg     . . .     Spirit   .   q - +0 plate armour
rPois    .         Reflect  +   c - +0 hat
rElec    .         Harm     .   (no cloak)
rCorr    .         Rampage  .   (no gloves)
Will     .....                  (no boots)
Stlth    ..........             e - amulet of reflection
HPRegen  0.21/turn              t - +6 ring of dexterity
MPRegen  0.10/turn              b - ring of see invisible

@: coronaed, glowing
A: horns 2, retaliatory headbutt
a: Renounce Religion, Berserk, Trog's Hand


You were on level 6 of the Dungeon.
You worshipped Trog.
Trog was pleased with you.
You visited 1 branch of the dungeon, and saw 6 of its levels.

You collected 227 gold pieces.

Inventory:

Hand Weapons
 a - a +0 long sword
 r - a +2 short sword of speed (weapon)
Missiles
 d - 3 throwing nets (quivered)
Armour
 c - a +0 hat (worn)
 q - a +0 plate armour (worn)
Jewellery
 b - a ring of see invisible (left hand)
 e - an amulet of reflection (around neck)
 s - a ring of flight
 t - a +6 ring of dexterity (right hand)
Wands
 v - a wand of random effects (7)
 y - a wand of flame (14)
Scrolls
 f - 4 scrolls of teleportation {unknown}
 h - 2 scrolls of magic mapping {unknown}
 i - a scroll of enchant armour {unknown}
 k - 4 scrolls of identify {unknown}
 m - a scroll of torment {unknown}
 n - a scroll of holy word {unknown}
 p - a scroll of amnesia {unknown}
 x - a scroll of brand weapon {unknown}
 z - 2 scrolls of noise {unknown}
Potions
 g - 5 potions of curing
 j - a potion of attraction {unknown}
 l - a potion of heal wounds {unknown}
 o - a potion of flight {unknown}
 u - 2 potions of might {unknown}
 w - a potion of ambrosia {unknown}
 A - a potion of degeneration {unknown}


   Skills:
 * Level 8.1 Fighting
 * Level 8.5 Long Blades
 - Level 2.0 Throwing
 - Level 3.2 Dodging


You had 6 spell levels left.
You didn't know any spells.
Your spell library was empty.

Dungeon Overview and Level Annotations

Branches:
Dungeon (6/15)
 Temple: D:4-7

Altars:
Ashenzari
Cheibriados
Fedhas
Gozag
Kikubaaqudgha
Nemelex Xobeh
Qazlal
Trog
Xom
Zin
The Shining One

Shops:
D:3 ?


Innate Abilities, Weirdness & Mutations

You have a pair of horns on your head.
You reflexively headbutt those who attack you in melee.


Message History

You hit the gnoll shaman but do no damage.
You headbutt the gnoll shaman, but do no damage.
The gnoll shaman is severely wounded.
The gnoll hits you from afar with a +0 halberd!
You are too injured to fight recklessly!
You are too injured to fight recklessly!
You are too injured to fight recklessly!
You are too injured to fight recklessly!
You are too injured to fight recklessly!
You are too injured to fight recklessly!
You are too injured to fight recklessly!
You are too injured to fight recklessly!
You are too injured to fight recklessly!
You are too injured to fight recklessly!
You are too injured to fight recklessly!
You are too injured to fight recklessly!
You are too injured to fight recklessly!
You are too injured to fight recklessly!
It was a potion of curing.
You feel better.
The gnoll shaman calls upon its god to speed up the gnoll.
The gnoll seems to speed up.
The gnoll hits you from afar with a +0 halberd!
You hit the gnoll shaman.
The gnoll shaman is almost dead.
The gnoll shaman hits you with a +0 whip!
You hit the gnoll shaman.
You kill the gnoll shaman!
Trog accepts your kill.
You can now call upon Trog for regeneration and willpower.
The gnoll hits you but does no damage. The gnoll hits you but does no damage.
You block the gnoll's attack.
The gnoll hits you from afar with a +0 halberd!
* * * LOW HITPOINT WARNING * * *
You block the gnoll's attack. The gnoll closely misses you.
The gnoll hits you from afar with a +0 halberd.
* * * LOW HITPOINT WARNING * * *
The gnoll hits you from afar with a +0 halberd!
You die...

## #.. . ... #
. ... ##.. #.
#.# ...^
..##.##.#####
##..
#...........#
#
..........(.#
#O# #@# #g#
#.# #.# #g#
#g# #g# #)#
#g#
#.####.#######
#.gg.........#
######...###.#
###.#


You could see 3 gnolls.

Vanquished Creatures
  Edmund (D:5)
  A sky beast (D:5)
  2 ogres
  A kobold brigand (D:5)
  A scorpion (D:4)
  2 water moccasin skeletons
  2 jellies
  2 bullfrog skeletons
  A gnoll shaman (D:6)
  Ijyb (D:4)
  An orc wizard (D:6)
  Robin (D:4)
  A howler monkey skeleton (D:5)
  3 adders (D:3)
  A gnoll (D:6)
  3 dart slugs
  5 orcs
  5 bats
  9 endoplasms
  4 giant cockroaches
  13 goblins
  10 hobgoblins
  3 jackals (D:3)
  A quokka (D:4)
  5 ball pythons
  3 frilled lizards
  10 kobolds
  4 rats
96 creatures vanquished.

Vanquished Creatures (others)
  A kobold (D:5)
1 creature vanquished.

Grand Total: 97 creatures vanquished

Notes
Turn   | Place    | Note
-------+----------+-------------------------------------------
     0 | D:1      | rageheart7 the Minotaur Gladiator began the quest for the
                  | Orb.
     0 | D:1      | Reached XP level 1. HP: 18/18 MP: 0/0
   151 | D:1      | Found a shimmering altar of Xom.
   154 | D:1      | Reached XP level 2. HP: 25/25 MP: 1/1
   551 | D:1      | Reached XP level 3. HP: 30/31 MP: 2/2
   715 | D:2      | Found an opulent altar of Gozag.
   757 | D:2      | Found a glowing silver altar of Zin.
  1052 | D:2      | Found a snail-covered altar of Cheibriados.
  1227 | D:2      | Found a bloodstained altar of Trog.
  1301 | D:2      | Became a worshipper of Trog the Wrathful
  1734 | D:3      | Reached XP level 4. HP: 40/40 MP: 3/3
  1738 | D:3      | Found a bloodstained altar of Trog.
  1745 | D:3      | Reached skill level 5 in Long Blades
  2113 | D:3      | Found an ancient bone altar of Kikubaaqudgha.
  2153 | D:3      | Found a glowing golden altar of the Shining One.
  2194 | D:3      | Found User's Magic Scroll Shoppe.
  2442 | D:4      | Found a broken altar of Ashenzari.
  2443 | D:4      | Found a stormy altar of Qazlal.
  2482 | D:4      | Found a sparkling altar of Nemelex Xobeh.
  2592 | D:4      | Found a blossoming altar of Fedhas.
  2621 | D:4      | Reached * piety under Trog
  2622 | D:4      | Reached skill level 5 in Fighting
  2622 | D:4      | Reached XP level 5. HP: 48/48 MP: 4/4
  2703 | D:4      | Noticed Ijyb
  2710 | D:4      | Killed Ijyb
  3112 | D:4      | Noticed an ogre
  3125 | D:4      | Killed an ogre
  3126 | D:4      | Reached XP level 6. HP: 22/57 MP: 5/5
  3366 | D:4      | Noticed Robin
  3376 | D:4      | Killed Robin
  3460 | D:5      | Entered Level 5 of the Dungeon
  3562 | D:5      | Noticed Edmund
  3583 | D:5      | Killed Edmund
  3584 | D:5      | Reached XP level 7. HP: 12/64 MP: 6/6
  4899 | D:6      | Reached ** piety under Trog
  4910 | D:6      | Slain by a gnoll

Illustrated notes

Levels and vault maps discovered:
D:1:      psy_arrival_dodecagon, layout_basic, xom_teletrap_fun
D:2:      layout_basic, lemuel_crystal_altar, overflow_temple_1_default,
          lemuel_doored_altar, kennysheep_slug_shrine
D:3:      cheibrodos_helix_gallery, layout_basic, grunt_temple_overflow_open,
          serial_shops, nicolae_shop_behind_doors, trog_three_pillars_becter
D:4:      layout_loops_ring, overflow_temple_1_default,
          gammafunk_temple_overflow_statue, nemelex_dance_club_becter,
          uniq_robin, uniq_ijyb
D:5:      layout_gridville, uniq_edmund
D:6:      layout_loops_ring, minmay_temple_entry_wispy, serial_shops,
          shop_fountains, fedhas_altar_1

Skill      XL: |  1  2  3  4  5  6  7 |
---------------+----------------------+-----
Long Blades    | 4 5 6 7 8 |  8.5
Fighting       | 3 4 5 6 8 |  8.1
Throwing       | |  2.0
Dodging        | |  3.2

Action                   |  1- 3 |  4- 6 |  7- 9 || total
-------------------------+-------+-------+-------++-------
Melee: Long sword        |    53 |       |       ||    53
       Headbutt          |    10 |    31 |    21 ||    62
       Short sword       |    14 |    91 |    70 ||   175
Invok: Berserk           |       |     2 |       ||     2
  Use: Potion            |       |       |     1 ||     1
Armor: Leather armour    |    15 |       |       ||    15
       Ring mail         |     8 |     3 |       ||    11
       Plate armour      |       |    28 |    20 ||    48
Dodge: Dodged            |    38 |     6 |    15 ||    59
Block: Other             |    16 |    14 |    11 ||    41
       Reflection        |     1 |     1 |     1 ||     3
       Rpst.: Long sword |     3 |       |       ||     3

Table legend: (Time is in decaauts)
 A = Elapsed time spent in this place.
 B = Non-inter-level travel time spent in this place.
 C = Inter-level travel time spent in this place.
 D = Time resting spent in this place.
 E = Time spent auto-exploring this place.
 F = Levels seen in this place.
 G = Mean time per level.
                   A        B        C        D        E       F      G
               +--------+--------+--------+--------+--------+-----+--------+
         Total |   4885 |   4684 |    201 |    177 |   3998 |   6 |  814.2 |
       Dungeon |   4885 |   4684 |    201 |    177 |   3998 |   6 |  814.2 |
               +--------+--------+--------+--------+--------+-----+--------+

Top non-repeatable levels by time:
     D:5: 1171 daAuts
     D:4: 1082 daAuts
     D:2: 971 daAuts
     D:3: 750 daAuts
     D:1: 669 daAuts
     D:6: 240 daAuts
